 Dungeon Sprint DCSS version 0.31-a0-37-g98a128e1d9 (webtiles) character file.

Game seed: 8007579273828871141

661 sircluck the Grappler (level 7, -15/79 HPs)
             Began as a Troll Berserker on May 15, 2023.
             Was a Priest of Trog.
             Demolished by a boulder beetle (24 damage)
             ... in the Dungeon (Sprint II: "The Violet Keep of Menkaure").
             The game lasted 00:01:05 (284 turns).

sircluck the Grappler (Troll Berserker)              Turns: 284, Time: 00:01:05

Health: -15/79     AC:  4    Str: 28    XL:     7   Next: 30%
Magic:  6/6        EV: 11    Int:  3    God:    Trog [***...]
Gold:   972        SH:  0    Dex:  9    Spells: 6/6 levels left

rFire   . .          .
                       - Unarmed
rCold   . . .        (no shield)
rNeg    . . .        a - +0 animal skin
rPois   .            (helmet restricted)
rElec   .            (no cloak)
rCorr   .            (gloves unavailable)
SInv    .            (boots unavailable)
Will    .....        (no amulet)
Stlth   +            (no ring)
HPRegen 1.13/turn    (no ring)
MPRegen 0.10/turn

%: no teleportation
@: no status effects
A: large, unfitting armour, claws 3, regeneration 1, shaggy fur 1, tough skin 1
a: Renounce Religion, Berserk, Trog's Hand


You were in the Dungeon.
You worshipped Trog.
Trog was most pleased with you.
You visited 1 branch You collected 972 gold pieces.

Inventory:

Armour
 a - a +0 animal skin (worn)
Scrolls
 g - a scroll of blinking
Potions
 c - a potion of heal wounds
 d - a potion of haste
 e - 2 potions of magic
 f - a potion of berserk rage


   Skills:
 + Level 7.8 Fighting
 + Level 7.6 Dodging
 + Level 10.7 Unarmed Combat


You had 6 spell levels left.
You didn't know any spells.
Your spell library was empty.

Dungeon Overview and Level Annotations

Branches:
Dungeon (1/1)

Altars:

Annotations:
D exclusion: ice statue


Innate Abilities, Weirdness & Mutations

You are too large for most types of armour.
You have claws for hands.
Your natural rate of healing is unusually fast.
You are covered in fur. (AC +1)
You have tough skin. (AC +1)


Message History

The boulder beetle is lightly wounded.
The boulder beetle barely misses you.
You barely miss the boulder beetle.
The boulder beetle is lightly wounded.
The boulder beetle bites you!!
You scratch the boulder beetle but do no damage.
The boulder beetle is lightly wounded.
You scratch the boulder beetle but do no damage.
The boulder beetle is lightly wounded.
The boulder beetle leaps!
The boulder beetle bites you!
You eviscerate the boulder beetle!!!
The boulder beetle is heavily wounded.
The boulder beetle leaps!
The boulder beetle barely misses you.
You scratch the boulder beetle but do no damage.
The boulder beetle is heavily wounded.
The boulder beetle bites you!
You scratch the boulder beetle but do no damage.
The boulder beetle is heavily wounded.
The boulder beetle bites you!!
You are too injured to fight recklessly!
You are too injured to fight recklessly!
You are too injured to fight recklessly!
You are too injured to fight recklessly!
You are too injured to fight recklessly!
You are too injured to fight recklessly!
You are too injured to fight recklessly!
You are too injured to fight recklessly!
You are too injured to fight recklessly!
Unknown command.
You mangle the boulder beetle!!
The boulder beetle is severely wounded.
You scratch the boulder beetle.
The boulder beetle is severely wounded.
The boulder beetle bites you!!
* * * LOW HITPOINT WARNING * * *
You scratch the boulder beetle but do no damage.
The boulder beetle is severely wounded.
The boulder beetle bites you!!
You die...

#..##.# ####.#.####
##.###'###.# .#
#...##.##..## .#
+.#)'.<.†##.+..###
#...##.##..##....##
##.###'###.##......
####.#.####B~B....
#..#..#~@~~~~~.. #
##.#.##~~§~~~~~.
#~~##'##~~~§≈≈~§~~
#~~~~~~~~~~§≈§§§~
#+++#+++#~≈≈≈§≈§≈
......##§§≈###§
....°°...##≈§#
+.....8....°+§§#
##...○.....## §≈


You could see 2 boulder beetles.

Vanquished Creatures
  A merfolk siren (D)
  A water moccasin (D)
  4 scorpions (D)
  3 worms (D)
9 creatures vanquished.

Vanquished Creatures (others)
  Menkaure (D)
1 creature vanquished.

Grand Total: 10 creatures vanquished

Notes
Turn   | Place    | Note
-------+----------+-------------------------------------------
     0 | D        | sircluck the Troll Berserker began the quest for the Orb.
     0 | D        | Reached XP level 1. HP: 22/22 MP: 0/0
    13 | D        | Reached ** piety under Trog
    14 | D        | Reached XP level 2. HP: 31/31 MP: 1/1
    22 | D        | Noticed a lava snake
    22 | D        | Noticed a lava snake
    22 | D        | Noticed a lava snake
    22 | D        | Noticed a lava snake
    22 | D        | Noticed a water moccasin
    36 | D        | Killed a water moccasin
    37 | D        | Reached skill level 5 in Fighting
    37 | D        | Reached skill level 6 in Unarmed Combat
    37 | D        | Reached XP level 3. HP: 16/42 MP: 2/2
    37 | D        | Reached XP level 4. HP: 19/50 MP: 3/3
    75 | D        | Killed Menkaure
    77 | D        | Noticed a scorpion
    77 | D        | Noticed a scorpion
    77 | D        | Noticed a scorpion
    77 | D        | Noticed a scorpion
    80 | D        | Killed a scorpion
    81 | D        | Reached skill level 5 in Dodging
    81 | D        | Reached skill level 7 in Unarmed Combat
    81 | D        | Reached XP level 5. HP: 54/58 MP: 4/4
    83 | D        | Reached skill level 8 in Unarmed Combat
    84 | D        | Reached *** piety under Trog
    85 | D        | Reached XP level 6. HP: 66/68 MP: 5/5
    87 | D        | Reached skill level 9 in Unarmed Combat
    89 | D        | Noticed a boulder beetle
    89 | D        | Noticed a boulder beetle
   105 | D        | Noticed a merfolk siren
   113 | D        | Killed a merfolk siren
   114 | D        | Reached skill level 10 in Unarmed Combat
   114 | D        | Reached XP level 7. HP: 61/79 MP: 6/6
   262 | D        | Noticed an ice statue
   284 | D        | Demolished by a boulder beetle

Illustrated notes

Levels and vault maps discovered:
D:        the_violet_keep_of_menkaure [sprint2_stairs_cluster_1,
          sprint2_shoproom, sprint2_temple, sprint2_basic_supplies,
          sprint2_obstacle_2, sprint2_obstacle_7, sprint2_obstacle_5,
          sprint2_obstacle_1, sprint2_obstacle_4, sprint2_timed_cluster_1,
          sprint2_smallroom_cluster_1, sprint2_smallroom_final_cluster_1,
          sprint2_transparent_cluster_1, sprint2_second_timed_cluster_1,
          sprint2_sniper_area_1, sprint2_heavy_combat_area_1,
          sprint2_mutation_trap_area_1, sprint2_forest_area_1,
          sprint2_light_combat_area_1, sprint2_behind_water_1,
          sprint2_near_end_vault_1]

Skill      XL: |  1  2  3  4  5  6 |
---------------+-------------------+-----
Fighting       | 3 5 6 7 |  7.8
Dodging        | 3 4 5 6 7 |  7.6
Unarmed Combat | 6 7 8 10 | 10.7

Action                     |  1- 3 |  4- 6 |  7- 9 || total
---------------------------+-------+-------+-------++-------
  Melee: Unarmed           |    23 |    11 |    12 ||    46
         Punch             |     1 |     2 |       ||     3
 Invoke: Berserk           |       |     1 |       ||     1
    Use: Potion            |     1 |       |       ||     1
 Armour: Animal skin       |     6 |       |       ||     6
  Dodge: Dodged            |     9 |     3 |     4 ||    16

Table legend: (Time is in decaauts)
 A = Elapsed time spent in this place.
 B = Non-inter-level travel time spent in this place.
 C = Inter-level travel time spent in this place.
 D = Time resting spent in this place.
 E = Time spent auto-exploring this place.
 F = Levels seen in this place.
 G = Mean time per level.
                   A        B        C        D        E       F      G
               +--------+--------+--------+--------+--------+-----+--------+
         Total |    287 |    268 |     19 |    168 |      9 |   1 |  287.0 |
       Dungeon |    287 |    268 |     19 |    168 |      9 |   1 |  287.0 |
               +--------+--------+--------+--------+--------+-----+--------+

Top non-repeatable levels by time:
       D: 287 daAuts
